 Dungeon Sprint DCSS version 0.30.1-11-g7821555f0a (webtiles) character file.

Game seed: 1761899887316203966

333 Heoruswealwe the Spear-Bearer (level 6, -1/62 HPs)
             Began as a Minotaur Fighter on Nov 14, 2023.
             Was an Initiate of Gozag.
             Slain by a wyvern (10 damage)
             ... in the Dungeon (Sprint IX: "|||||||||||||||||||||||||||||").
             The game lasted 00:01:21 (138 turns).

Heoruswealwe the Spear-Bearer (Minotaur Fighter)     Turns: 138, Time: 00:01:22

Health: -1/62      AC: 15    Str: 22    XL:     6   Next: 27%
Magic:  5/5        EV: 10    Int:  5    God:    Gozag
Gold:   0          SH:  0    Dex: 10    Spells: 5/5 levels left

rFire   . . .        b - +2 halberd (protect)
rCold   . . .        (shield currently unavailable)
rNeg    . . .        c - +0 scale mail
rPois   .            (helmet restricted)
rElec   .            (no cloak)
rCorr   .            (no gloves)
SInv    .            (no boots)
Will    .....        (no amulet) Stlth
                     (no ring)
HPRegen 0.30/turn    (no ring)
MPRegen 0.09/turn

%: no teleportation
@: gold aura, under a protective aura
A: horns 2, retaliatory headbutt
a: Renounce Religion, Potion Petition, Call Merchant, Bribe Branch


You were in the Dungeon.
You worshipped Gozag.
Gozag was noncommittal.
You visited 1 branch

Inventory:

Hand Weapons
 a - a +0 trident
 b - a +2 halberd of protection (weapon)
Armour
 c - a +0 scale mail (worn)
 d - a +0 buckler
Jewellery
 l - a +3 ring of dexterity
 m - a +3 ring of dexterity
Wands
 h - a wand of roots (10)
Scrolls
 j - 2 scrolls of blinking
Potions
 e - 5 potions of curing
 f - 3 potions of heal wounds
 g - a potion of haste
 i - a potion of berserk rage
 k - a potion of might


   Skills:
 + Level 8.8 Fighting
 * Level 11.5 Polearms
 + Level 8.8 Armour
 - Level 3.6 Shields


You had 5 spell levels left.
You didn't know any spells.
Your spell library was empty.

Dungeon Overview and Level Annotations

Branches:
Dungeon (1/1)

Altars:
Cheibriados
Dithmenos
Elyvilon
Fedhas
Gozag
Hepliaklqana
Kikubaaqudgha
Makhleb
Nemelex Xobeh
Okawaru
Qazlal
Ru
Sif Muna
Trog
Uskayaw
Vehumet
Wu Jian
Xom
Yredelemnul
Zin
The Shining One
Jiyva
Lugonu


Innate Abilities, Weirdness & Mutations

You have a pair of horns on your head.
You reflexively headbutt those who attack you in melee.


Message History

You puncture the acid dragon!
The acid dragon is severely wounded.
The wyvern is no longer distracted by gold.
The kobold brigand is distracted by your dazzling golden aura.
The acid dragon misses you. You furiously retaliate!
You headbutt the acid dragon!
You kill the acid dragon!
Your Fighting skill increases to level 8!
Your Polearms skill increases to level 10!
Your Armour skill increases to level 8!
You have reached level 6!
There is an open door to the Dungeon, spattered with blood here.
You see here 162 gold pieces.
You closely miss the kobold brigand.
The kobold brigand is no longer distracted by gold.
The kobold brigand hits you but does no damage.
You barely miss the kobold brigand.
The kobold brigand hits you with a +0 short sword.
* * * LOW HITPOINT WARNING * * *
You slash the kobold brigand!
Your headbutt misses the kobold brigand.
The kobold brigand is severely wounded.
The kobold brigand hits you but does no damage.
You completely miss the kobold brigand.
The kobold brigand is severely wounded.
The kobold brigand hits you but does no damage.
You closely miss the kobold brigand.
You headbutt the kobold brigand, but do no damage.
The kobold brigand is severely wounded.
The kobold brigand hits you with a +0 short sword.
* * * LOW HITPOINT WARNING * * *
You slash the kobold brigand!
You kill the kobold brigand!
Your Polearms skill increases to level 11!
You puncture the wyvern!
You headbutt the wyvern, but do no damage.
The wyvern is moderately wounded.
The wyvern bites you!
You die...
Your body crumbles into a pile of gold. $$$$$ $ $ $ $$$$$ $$$$$ $ $ $ ▓▓▓▓▓▓▓▓▓▓▓▓▓▓▓▓▓▓▓▓▓▓▓▓ +.....l@$.[[[.)?!'______ ▓▓▓▓▓▓▓▓▓▓▓▓▓▓▓▓▓▓▓▓▓▓▓▓

You could see a wyvern.

Vanquished Creatures
  An acid dragon (D)
  A kobold brigand (D)
  A hound (D)
  An orc wizard (D)
  An ufetubus (D)
  2 orcs (D)
  A bat (D)
  2 endoplasms (D)
  A giant cockroach (D)
  A quokka (D)
  A ball python (D)
13 creatures vanquished.

Vanquished Creatures (others)
  An unseen horror (D)
  A vampire (D)
2 creatures vanquished.

Grand Total: 15 creatures vanquished

Notes
Turn   | Place    | Note
-------+----------+-------------------------------------------
     0 | D        | Heoruswealwe the Minotaur Fighter began the quest for the
                  | Orb.
     0 | D        | Reached XP level 1. HP: 19/19 MP: 0/0
     6 | D        | Reached skill level 3 in Polearms
    26 | D        | Noticed a hound
    33 | D        | Reached skill level 4 in Polearms
    33 | D        | Reached XP level 2. HP: 26/28 MP: 1/1
    48 | D        | Reached skill level 5 in Fighting
    48 | D        | Reached skill level 6 in Polearms
    48 | D        | Reached skill level 5 in Armour
    48 | D        | Reached XP level 3. HP: 22/36 MP: 2/2
    60 | D        | Found a snail-covered altar of Cheibriados.
    60 | D        | Found a shadowy altar of Dithmenos.
    60 | D        | Found a white marble altar of Elyvilon.
    60 | D        | Found a blossoming altar of Fedhas.
    60 | D        | Found an opulent altar of Gozag.
    61 | D        | Found a hazy altar of Hepliaklqana.
    62 | D        | Found a viscous altar of Jiyva.
    63 | D        | Found an ancient bone altar of Kikubaaqudgha.
    64 | D        | Found a corrupted altar of Lugonu.
    65 | D        | Found a burning altar of Makhleb.
    66 | D        | Found a sparkling altar of Nemelex Xobeh.
    67 | D        | Found an iron altar of Okawaru.
    68 | D        | Became a worshipper of Gozag Ym Sagoz the Greedy
    69 | D        | Found a stormy altar of Qazlal.
    70 | D        | Found a sacrificial altar of Ru.
    71 | D        | Found a shimmering blue altar of Sif Muna.
    72 | D        | Found a bloodstained altar of Trog.
    73 | D        | Found a hide-covered altar of Uskayaw.
    74 | D        | Found a radiant altar of Vehumet.
    75 | D        | Found an ornate altar of the Wu Jian Council.
    76 | D        | Found a shimmering altar of Xom.
    77 | D        | Found a basalt altar of Yredelemnul.
    78 | D        | Found a glowing silver altar of Zin.
    79 | D        | Found a glowing golden altar of the Shining One.
   110 | D        | Noticed a wyvern
   110 | D        | Noticed a kobold brigand
   110 | D        | Noticed an acid dragon
   110 | D        | Noticed a vampire
   118 | D        | Killed an unseen horror
   121 | D        | Reached skill level 7 in Polearms
   121 | D        | Reached XP level 4. HP: 30/44 MP: 3/3
   128 | D        | Killed a vampire
   129 | D        | Reached skill level 9 in Polearms
   129 | D        | Reached XP level 5. HP: 10/52 MP: 4/4
   130 | D        | Killed an acid dragon
   131 | D        | Reached skill level 10 in Polearms
   131 | D        | Reached XP level 6. HP: 13/61 MP: 5/5
   138 | D        | Reached skill level 11 in Polearms
   138 | D        | Slain by a wyvern

Illustrated notes

Levels and vault maps discovered:
D:        linesprint [early_d, line_temple, items_1, d_10, items_2, lair_1,
          lair_end, items_3, orc_1, orc_end, items_4, d_15, swamp_1, shoals_1,
          snake_1, spider_1, d_20, vaults_1, items_5, swamp_end, shoals_end,
          snake_end, spider_end, vaults_end, d_27, items_6, zot_1, zot_end,
          crypt_end, forest_end, elf_end, slime_end, tomb_end, abyss_end,
          pan_hell_end]

Skill      XL: |  1  2  3  4  5  6 |
---------------+-------------------+-----
Polearms       | 4 6 7 9 10 11 | 11.5
Fighting       | 4 5 7 8 |  8.8
Armour         | 4 5 6 7 8 |  8.8
Shields        | |  3.6

Action                     |  1- 3 |  4- 6 || total
---------------------------+-------+-------++-------
  Melee: Trident           |    35 |       ||    35
         Headbutt          |     3 |     2 ||     5
         Halberd           |     9 |    16 ||    25
 Armour: Scale mail        |    16 |    13 ||    29
  Dodge: Dodged            |    12 |     3 ||    15
  Block: Buckler           |     7 |       ||     7
